 Dungeon Crawl Stone Soup version 0.31.0-9-g3a7656b989 (webtiles) character file.

Game seed: 9799267137396351401

225878 STRONGBUBBA the Warrior (level 18, -15/176 HPs)
             Began as a Minotaur Berserker on Jan 25, 2024.
             Was the Champion of Trog.
             Demolished by an emperor scorpion (18 damage)
             ... on level 4 of the Spider Nest.
             The game lasted 00:56:16 (28854 turns).

STRONGBUBBA the Warrior (Minotaur Berserker)       Turns: 28854, Time: 00:56:17

Health: -15/176    AC: 31    Str: 30 (31) XL:     18   Next: 19%
Magic:  0/26       EV: 25    Int: 12      God:    Trog [******]
Gold:   2262       SH:  0    Dex: 17      Spells: 17/17 levels left

rFire   + . .        T - +5 executioner's axe (flame)
rCold   x . .        (shield currently unavailable)
rNeg    . . .        s - +7 chain mail of the Bruised Xenophobes {rElec MP+9 Dex+3}
rPois   +            V - +0 hat of Imperfection {^Drain rCorr Str+3 Int+2}
rElec   +            H - +0 cloak
rCorr   +            e - +0 pair of gloves of the Little Devil {rElec Str+2 Dex-3}
SInv    .            X - +0 pair of boots of the Illusory Leylines {rPois rF+ Str-3 Int+2}
Will    +++..        g - amulet "Pukak" {Spirit rC- Regen+ Int+4 Dex+6} Stlth
                     a - +4 ring of protection
HPRegen 2.29/turn    E - +5 ring of evasion
MPRegen 0.20/turn

%: guardian spirit
@: lethally poisoned (-15 -> -21), strong-willed, on berserk cooldown,
regenerating, slowed, very slow
A: horns 2, retaliatory headbutt
}: 2/15 runes: decaying, gossamer
a: Renounce Religion, Berserk, Trog's Hand, Brothers in Arms


You were on level 4 of the Spider Nest.
You worshipped Trog.
Trog was exalted by your worship.
You visited 5 branches of the dungeon, and saw 30 of its levels.
You also visited: Sewer and Gauntlet.

You collected 4507 gold pieces.
You spent 2245 gold pieces at shops.

Inventory:

Hand Weapons
 T - a +5 executioner's axe of flaming (weapon)
Missiles
 U - 2 throwing nets (quivered)
Armour
 e - the +0 pair of gloves of the Little Devil (worn) {rElec Str+2 Dex-3}
   (You acquired it on level 2 of the Orcish Mines)

   Str+2:     It affects your strength (+2).
   Dex-3:     It affects your dexterity (-3).
   rElec:     It insulates you from electricity.
 s - the +7 chain mail of the Bruised Xenophobes (worn) {rElec MP+9 Dex+3}
   (You found it on level 5 of the Dungeon)

   Dex+3:     It affects your dexterity (+3).
   rElec:     It insulates you from electricity.
   MP+9:      It affects your magic capacity (+9).
 H - a +0 cloak (worn)
 V - the +0 hat of Imperfection (worn) {^Drain rCorr Str+3 Int+2}
   (You acquired it on level 4 of the Lair of Beasts)

   Str+3:     It affects your strength (+3).
   Int+2:     It affects your intelligence (+2).
   rCorr:     It protects you from acid and corrosion.
   ^Drain:    It drains your maximum health when unequipped.
 X - the +0 pair of boots of the Illusory Leylines (worn) {rPois rF+ Str-3 Int+2}
   (You found it on level 15 of the Dungeon)

   Str-3:     It affects your strength (-3).
   Int+2:     It affects your intelligence (+2).
   rF+:       It protects you from fire.
   rPois:     It protects you from poison
Jewellery
 a - a +4 ring of protection (left hand)
 g - the amulet "Pukak" (around neck) {Spirit rC- Regen+ Int+4 Dex+6}
   (You acquired it on level 4 of the Dungeon)

   [amulet of guardian spirit]

   Spirit:    It causes incoming damage to be divided between your reserves of
   health and magic.
   Int+4:     It affects your intelligence (+4).
   Dex+6:     It affects your dexterity (+6).
   rC-:       It makes you vulnerable to cold.
   Regen+:    It increases your rate of health regeneration.
 q - a +6 ring of intelligence
 E - a +5 ring of evasion (right hand)
 N - a ring of flight
Wands
 o - a wand of flame (30)
 x - a wand of roots (35)
 I - a wand of digging (10)
 K - a wand of light (7)
 M - a wand of paralysis (69)
 O - a wand of mindburst (16)
 S - a wand of polymorph (4)
Scrolls
 b - 6 scrolls of enchant armour
 f - 4 scrolls of fog
 h - 4 scrolls of immolation
 j - 10 scrolls of blinking
 k - a scroll of summoning
 l - 4 scrolls of revelation
 m - 6 scrolls of poison
 t - 12 scrolls of teleportation
 u - 2 scrolls of silence
 B - 2 scrolls of vulnerability
 C - 2 scrolls of torment
 Q - a scroll of fear
 R - 4 scrolls of noise
 W - a scroll of enchant weapon
Potions
 c - 8 potions of might
 d - a potion of invisibility
 i - 11 potions of ambrosia
 n - 3 potions of resistance
 p - 2 potions of lignification
 r - 10 potions of heal wounds
 w - 2 potions of berserk rage
 z - 7 potions of attraction
 A - a potion of enlightenment
 D - 7 potions of mutation
 F - 7 potions of haste
 J - 13 potions of curing
 L - 2 potions of cancellation
Miscellaneous
 v - a lightning rod (4/4)
 y - a phantom mirror
 G - a sack of spiders
 P - a phial of floods
 Y - a tin of tremorstones (2/2)


   Skills:
 * Level 19.0 Fighting
 * Level 19.0 Axes
 * Level 18.1 Armour
 * Level 18.4 Dodging
 * Level 13.7 Evocations


You had 17 spell levels left.
You didn't know any spells.
Your spell library was empty.

Dungeon Overview and Level Annotations

Branches:
Dungeon (15/15)            Temple (0/1) D:6            Lair (5/5) D:9
  Swamp (4/4) Lair:3       Spider (4/4) Lair:2        Slime (0/5) Lair:5
    Orc (2/2) D:9             Elf (0/3) Orc:2        Vaults (0/5) D:13
 Depths (0/4) D:15          Sewer (visited)         Gauntlet (visited)

Altars:
Ashenzari
Cheibriados
Dithmenos
Fedhas
Gozag
Hepliaklqana
Makhleb
Qazlal
Ru
Sif Muna
Trog
Vehumet
Wu Jian
Yredelemnul
Zin
Jiyva
Lugonu

Shops:
D:5 (   D:7 =   Orc:1 *   Orc:2 =[(*

Portals:
Abyss: D:3 D:11
Trove: D:10 (give 4 potions of resistance)

Annotations:
D:9 1 transporter
D:10 2 transporters
Spider:4 Arachne
Orc:1 1 runed translucent door


Innate Abilities, Weirdness & Mutations

You have a pair of horns on your head.
You reflexively headbutt those who attack you in melee.


Message History

The wolf spider closely misses you. You furiously retaliate!
You headbutt the wolf spider!! The wolf spider bites you!
Arachne casts a spell.
Arachne blinks!
The emperor scorpion stings you!
* * * LOW HITPOINT WARNING * * *
The emperor scorpion claws you but does no damage. x2
The wolf spider hits you!
* * * LOW HITPOINT WARNING * * *
The wolf spider bites you but does no damage.
The web tears apart.
You are no longer berserk.
You are exhausted.
You feel yourself slow down.
You feel very sick. The wolf spider barely misses you. You furiously retaliate!
You headbutt the wolf spider. The wolf spider closely misses you.
The emperor scorpion stings you!!
* * * LOW HITPOINT WARNING * * *
The emperor scorpion barely misses you.
The emperor scorpion completely misses you.
You barely miss the moth of wrath. You hit the wolf spider.
You burn the wolf spider. You slash the emperor scorpion!
You burn the emperor scorpion.
* * * LOW HITPOINT WARNING * * *
You feel extremely sick. The wolf spider barely misses you.
The wolf spider closely misses you. The emperor scorpion barely misses you.
The emperor scorpion completely misses you.
The emperor scorpion closely misses you.
The wolf spider misses you. The wolf spider barely misses you.
The moth of wrath closely misses you. You furiously retaliate!
You headbutt the moth of wrath!
The emperor scorpion completely misses you.
The emperor scorpion claws you but does no damage.
The emperor scorpion completely misses you.
The wolf spider hits you!
* * * LOW HITPOINT WARNING * * *
The wolf spider completely misses you. The moth of wrath closely misses you.
The emperor scorpion stings you!!
You die...

#.. #...###^...
...#...###.###...#.....
#^.^....#...#........##
#..^.^....[.......#### ..
#...^......^.^..### ...##....
###^..^....###
#^......###.###......†..
#....sys^....^..####^..
#@H.......## #### ########### ..
###########
....#.........######## # #####
....#.................
######^..##..............########
.#.....^..##..........####
.#.........##..........#
........<...###.......##


You could see Arachne, an emperor scorpion (berserk), a wolf spider (berserk)
and a moth of wrath.

Vanquished Creatures
  2 thorn hunters (Swamp:4)
  2 fenstrider witches
  The ghost of SuperJoe the Spry, a journeyman DEGl of Jiyva (Orc:2)
  An emperor scorpion (Spider:4)
  2 ghost moths
  An orc warlord (Orc:2)
  The ghost of Drazool the Covert, a journeyman KoEE of Sif Muna (Orc:2)
  2 ghouls (Swamp:4)
  A broodmother (Spider:3)
  A minotaur (Gauntlet)
  5 bunyips
  3 eleionomae
  3 spark wasps
  An ettin (Orc:1)
  3 entropy weavers
  2 shambling mangroves (Swamp:4)
  Josephine (D:11)
  9 hydras
  A jorogumo (Spider:4)
  A vault guard (D:10)
  2 ice dragons (D:15)
  A ghost crab (Swamp:2)
  2 radroaches
  An ogre mage (D:13)
  The ghost of puppykicker the Grappler, a novice TrEn of Zin (D:7)
  6 two-headed ogres
  A centaur warrior (D:14)
  16 alligators
  4 boulder beetles
  A tengu warrior (D:14)
  A hell hog (Lair:5)
  7 demonic crawlers
  3 orc high priests (Orc:2)
  Urug (Orc:2)
  An occultist (Swamp:1)
  7 death yaks
  A fire crab (Gauntlet)
  Sonja (Lair:5)
  Amaemon (D:11)
  5 pharaoh ants
  3 skeletal warriors (D:13)
  2 spectral hydras (Swamp:4)
  2 arcanists (D:14)
  4 swamp dragons
  3 spriggan druids
  2 sun moths
  10 orb spiders
  5 bog bodies
  4 goliath frogs
  7 orc knights
  A deep elf archer (D:13)
  A phantasmal warrior (Swamp:4)
  5 steelbarb worms
  A deep elf zephyrmancer (D:13)
  3 lindwurms (Lair:5)
  5 deep elf pyromancers
  5 orc sorcerers (Orc:2)
  6 oklob plants
  13 wolf spiders
  10 ugly things
  A salamander (shapeshifter) (D:15)
  5 will-o-the-wisps
  5 cyclopes
  2 manticores (D:14)
  A toenail golem (D:3)
  Maurice (D:12)
  8 elephants
  3 meliai (Spider:1)
  3 guardian serpents
  An apocalypse crab (Gauntlet)
  8 black mambas
  3 kobold blastminers
  An orange demon (D:11)
  4 torpor snails
  3 gargoyles
  9 kobold demonologists
  3 rime drakes (Lair:1)
  17 cane toads
  An unseen horror (D:13)
  Jeremiah (D:9)
  10 komodo dragons
  A freezing wraith (Swamp:4)
  A troll (shapeshifter) (D:13)
  4 yaktaurs (D:15)
  Maggie (D:8)
  12 polar bears
  The ghost of epsilonplus the Chopper, an amateur AtBe of Trog (D:4)
  2 hydra zombies (Swamp:4)
  6 trolls
  9 tyrant leeches
  A queen bee (Lair:2)
  16 hornets
  25 tarantellas
  6 blink frogs (Lair:3)
  A blink frog (shapeshifter) (D:13)
  12 dream sheep
  The ghost of Jokingforfun the Magician, an amateur DjFE (D:3)
  2 raiju
  10 slime creatures
  32 jumping spiders
  9 spriggans
  The ghost of Jingleheimer the Cutter, an amateur VSFi of Ignis (D:4)
  A centaur simulacrum (D:15)
  12 wraiths
  19 culicivoras
  The ghost of tdog the Covert, an amateur SpBr (D:4)
  15 wyverns
  60 yaks
  A shadow (D:11)
  A culicivora (shapeshifter) (D:14)
  2 basilisks (Lair:1)
  5 fire bats
  3 vampire mosquitoes
  10 wargs
  2 steam dragons (Gauntlet)
  48 redbacks
  An acid dragon (D:13)
  13 swamp worms
  39 water moccasins
  8 swamp drakes
  14 hell hounds (Lair:5)
  4 hydra simulacra (Swamp:4)
  25 orc warriors
  15 black bears
  2 sky beasts (D:7)
  3 ice beasts
  A swamp dragon zombie (Swamp:4)
  16 ogres
  29 wolves
  An ogre (shapeshifter) (D:14)
  A small abomination (D:3)
  A centaur (D:11)
  A swamp dragon skeleton (Swamp:4)
  18 kobold brigands
  16 bullfrogs
  2 gnoll sergeants
  4 scorpions
  9 wights
  25 killer bees (Lair:2)
  10 electric eels
  A bombardier beetle (D:4)
  3 howler monkeys
  4 jellies
  5 orc priests
  3 hounds
  2 gnoll boudas
  A sleepcap (D:7)
  4 iguanas
  12 orc wizards
  5 hell rats (Lair:5)
  14 adders
  23 gnolls
  A swamp drake zombie (Swamp:4)
  7 river rats
  2 swamp drake skeletons (Swamp:4)
  4 white imps
  2 ufetubi (D:5)
  9 dart slugs (Sewer)
  2 ribbon worms (D:2)
  68 orcs
  15 endoplasms
  8 giant cockroaches
  9 goblins
  8 hobgoblins
  12 jackals
  25 kobolds
  4 quokkas
  11 ball pythons
  7 bats
  20 frilled lizards
  10 rats
1180 creatures vanquished.

Vanquished Creatures (collateral kills)
  A thorn hunter (Swamp:4)
  A hydra zombie (Swamp:4)
  2 swamp drake skeletons (Swamp:4)
4 creatures vanquished.

Vanquished Creatures (others)
  A ghost moth (Spider:4)
  A spriggan druid (Swamp:2)
  3 bloated husks
  A jumping spider (Spider:4)
  An orc wizard (D:13)
  42 foxfires
49 creatures vanquished.

Grand Total: 1233 creatures vanquished

Notes
Turn   | Place    | Note
-------+----------+-------------------------------------------
     0 | D:1      | STRONGBUBBA the Minotaur Berserker began the quest for the
                  | Orb.
     0 | D:1      | Reached XP level 1. HP: 19/19 MP: 0/0
   153 | D:1      | Reached XP level 2. HP: 27/27 MP: 1/1
   643 | D:1      | Reached ** piety under Trog
   710 | D:1      | Reached XP level 3. HP: 30/34 MP: 2/2
   733 | D:1      | Found a faded altar of an unknown god.
  1311 | D:2      | Reached XP level 4. HP: 29/41 MP: 3/3
  1335 | D:2      | Reached skill level 5 in Fighting
  1335 | D:2      | Reached skill level 5 in Axes
  2113 | D:3      | Found a transporter.
  2125 | D:3      | Found a transporter.
  2155 | D:3      | Found a one-way gate to the infinite horrors of the Abyss.
  2155 | D:3      | Noticed Jokingforfun's ghost (amateur DjFE)
  2156 | D:3      | Noticed a small abomination
  2164 | D:3      | Noticed a toenail golem
  2243 | D:3      | Reached XP level 5. HP: 48/48 MP: 4/4
  2669 | D:4      | Identified 2 scrolls of acquirement
  2669 | D:4      | Acquired a +0 pair of boots of rampaging
  2833 | D:4      | Found a shimmering blue altar of Sif Muna.
  2833 | D:4      | Found a hazy altar of Hepliaklqana.
  2835 | D:4      | Found a radiant altar of Vehumet.
  2974 | D:4      | Reached XP level 6. HP: 50/57 MP: 5/5
  2979 | D:4      | Found a glowing drain.
  2987 | Sewer    | Entered a sewer
  3058 | Sewer    | Reached *** piety under Trog
  3259 | Sewer    | Reached **** piety under Trog
  3269 | Sewer    | Reached XP level 7. HP: 64/64 MP: 6/6
  3733 | D:4      | Found a runed translucent gate.
  3733 | D:4      | Found a runed translucent gate.
  3733 | D:4      | Found a runed translucent gate.
  3734 | D:4      | Noticed tdog's ghost (amateur SpBr)
  3734 | D:4      | Noticed epsilonplus's ghost (amateur AtBe)
  3734 | D:4      | Noticed Jingleheimer's ghost (amateur VSFi)
  3738 | D:4      | Acquired the amulet "Pukak" {Spirit rC- Regen+ Int+4 Dex+6}
  3762 | D:4      | Killed tdog's ghost
  3762 | D:4      | Killed Jingleheimer's ghost
  3763 | D:4      | Reached skill level 5 in Armour
  3768 | D:4      | Killed epsilonplus's ghost
  3769 | D:4      | Reached XP level 8. HP: 74/74 MP: 4/7
  3843 | D:5      | Entered Level 5 of the Dungeon
  3868 | D:5      | Reached skill level 1 in Evocations
  3950 | D:5      | Found Dis Give's Weapon Shop.
  4097 | D:5      | Identified the +7 chain mail of the Bruised Xenophobes
                  | {rElec MP+9 Dex+3}
  4404 | D:5      | Bought a +1 broad axe of flaming for 170 gold pieces
  4543 | D:3      | Killed a toenail golem
  4544 | D:3      | Reached XP level 9. HP: 83/83 MP: 8/8
  4575 | D:3      | Killed Jokingforfun's ghost
  4736 | D:6      | Found a staircase to the Ecumenical Temple.
  5349 | D:6      | Found an opulent altar of Gozag.
  5364 | D:6      | Reached skill level 5 in Dodging
  5474 | D:6      | Found a stormy altar of Qazlal.
  5653 | D:7      | Found a broken altar of Ashenzari.
  5697 | D:7      | Found Vucida Ijie's Jewellery Shop.
  5848 | D:7      | Reached skill level 10 in Axes
  5893 | D:7      | Noticed puppykicker's ghost (novice TrEn)
  5897 | D:7      | Found a runed translucent door.
  5898 | D:7      | Reached ***** piety under Trog
  5970 | D:7      | Found a transporter.
  5970 | D:7      | Found a transporter.
  5970 | D:7      | Noticed a boulder beetle
  5976 | D:7      | Noticed a troll
  5984 | D:7      | Killed a troll
  5985 | D:7      | Reached skill level 10 in Fighting
  5991 | D:7      | Found a glowing silver altar of Zin.
  5991 | D:7      | Found a snail-covered altar of Cheibriados.
  5991 | D:7      | Found a burning altar of Makhleb.
  6350 | D:7      | Reached XP level 10. HP: 93/93 MP: 9/9
  6401 | D:7      | Found a basalt altar of Yredelemnul.
  6501 | D:7      | Killed puppykicker's ghost
  6597 | D:7      | Killed a boulder beetle
  6698 | D:8      | Noticed a gargoyle
  6703 | D:8      | Killed a gargoyle
  6704 | D:8      | Reached skill level 5 in Evocations
  6792 | D:8      | Noticed Maggie
  6804 | D:8      | Killed Maggie
  7208 | D:8      | Found a shadowy altar of Dithmenos.
  7489 | D:9      | Found a sacrificial altar of Ru.
  7494 | D:9      | Found a transporter.
  7587 | D:9      | Found a staircase to the Lair.
  7632 | D:9      | Noticed Jeremiah
  7668 | D:9      | Killed Jeremiah
  7758 | D:9      | Found a staircase to the Orcish Mines.
  7795 | D:9      | Identified the +7 battleaxe of Stoicism {heavy, *Rage rF++
                  | Will+} (Trog gifted it to you on level 9 of the Dungeon)
  7795 | D:9      | Received a gift from Trog
  7798 | D:9      | Reached XP level 11. HP: 81/102 MP: 10/10
  8386 | D:10     | Entered Level 10 of the Dungeon
  8415 | D:10     | You fall into a shaft and drop 3 floors!
  8444 | D:13     | Noticed a two-headed ogre
  8447 | D:13     | Killed a two-headed ogre
  8578 | D:12     | Found a gate leading to a gauntlet.
  8587 | Gauntlet | Entered a Gauntlet
  8587 | Gauntlet | Found a transporter.
  8598 | Gauntlet | Found a transporter.
  8600 | Gauntlet | Found a transporter.
  8602 | Gauntlet | Found a transporter.
  8623 | Gauntlet | Noticed a fire crab
  8630 | Gauntlet | Found a transporter.
  8648 | Gauntlet | Found a transporter.
  8652 | Gauntlet | Noticed a wretched star
  8654 | Gauntlet | Found a transporter.
  8669 | Gauntlet | Found a transporter.
  8688 | Gauntlet | Found a transporter.
  8700 | Gauntlet | Found a transporter.
  8712 | Gauntlet | Found a transporter.
  8716 | Gauntlet | Noticed a white ugly thing
  8716 | Gauntlet | Noticed a great orb of eyes
  8721 | Gauntlet | Noticed a reaper
  8724 | Gauntlet | Found a transporter.
  8736 | Gauntlet | Found a transporter.
  8738 | Gauntlet | Found the amulet of the Air {Inacc Air Fly rElec RMsl}
  8753 | Gauntlet | Found a transporter.
  8771 | Gauntlet | Found a transporter.
  8773 | Gauntlet | Found a transporter.
  8812 | Gauntlet | Found a transporter.
  8889 | Gauntlet | Found a transporter.
  8956 | Gauntlet | Killed a fire crab
  8957 | Gauntlet | Reached skill level 10 in Armour
  9041 | Gauntlet | Noticed a minotaur
  9051 | Gauntlet | Killed a minotaur
  9250 | D:12     | Noticed Maurice
  9256 | D:12     | Killed Maurice
  9392 | D:11     | Noticed Josephine
  9398 | D:11     | Killed Josephine
  9402 | D:11     | Reached XP level 12. HP: 104/112 MP: 11/11
  9413 | D:11     | Found a large runed translucent door.
  9414 | D:11     | Found a large runed translucent door.
  9519 | D:11     | Noticed a two-headed ogre
  9522 | D:11     | Noticed a two-headed ogre
  9524 | D:11     | Killed a two-headed ogre
  9529 | D:11     | Killed a two-headed ogre
  9625 | D:10     | Found a bloodstained altar of Trog.
  9687 | D:10     | Acquired the +7 broad axe "Sicad" {vamp, rPois rN+++ Int-4
                  | Dex-4}
  9693 | D:10     | Acquired 611 gold pieces
  9700 | D:10     | Acquired a manual of Dodging
  9728 | D:10     | Received a gift from Trog
 10123 | D:10     | Found a transporter.
 10125 | D:10     | Found a transporter.
 10125 | D:10     | Noticed a boulder beetle
 10201 | D:10     | Noticed a vault guard
 10207 | D:10     | Killed a vault guard
 10225 | D:10     | Found a portal to a secret trove of treasure.
 10415 | Lair:1   | Entered Level 1 of the Lair of Beasts
 10432 | Lair:1   | Reached skill level 10 in Dodging
 11575 | Lair:1   | Identified the +0 arbalest of Impermanence {freeze, rN++
                  | Will+ rCorr Int-5}
 11852 | Lair:2   | Reached XP level 13. HP: 112/122 MP: 12/12
 11868 | Lair:2   | Found a hole to the Spider Nest.
 12311 | Lair:2   | Received a gift from Trog
 12378 | Lair:2   | Reached ****** piety under Trog
 12782 | Lair:3   | Found a staircase to the Swamp.
 13309 | Lair:4   | Received a gift from Trog
 13454 | Lair:4   | Acquired the +0 hat of Imperfection {^Drain rCorr Str+3
                  | Int+2}
 13646 | Lair:4   | Reached XP level 14. HP: 130/133 MP: 13/13
 14285 | Lair:5   | Entered Level 5 of the Lair of Beasts
 14358 | Lair:5   | Found a viscous altar of Jiyva.
 14359 | Lair:5   | Found a staircase to the Slime Pits.
 14406 | Lair:5   | Reached skill level 15 in Axes
 14422 | Lair:5   | Received a gift from Trog
 14423 | Lair:5   | Reached skill level 15 in Fighting
 14465 | Lair:5   | Identified the +3 war axe of Athe {flame, rN+ Will+}
 14485 | Lair:5   | Reached skill level 10 in Evocations
 14576 | Lair:5   | Noticed Sonja
 14586 | Lair:5   | Killed Sonja
 14809 | Lair:5   | Reached skill level 15 in Dodging
 14921 | Lair:5   | Identified the maw talisman of Ru's Castigation {Str+3
                  | Dex+3}
 14950 | Lair:5   | Received a gift from Trog
 15309 | Lair:5   | Reached XP level 15. HP: 136/143 MP: 14/14
 15968 | D:11     | Found a corrupted altar of Lugonu.
 16109 | D:11     | Identified the +4 dagger "Cyman" {distort, *Slow rN+ Will+
                  | Dex+4}
 16109 | D:11     | Identified the +4 robe of Unbearable Curiosity {rCorr}
 16359 | D:11     | Noticed Amaemon
 16363 | D:11     | Killed Amaemon
 17479 | D:13     | Received a gift from Trog
 17638 | D:13     | Found a gate to the Vaults.
 17704 | D:13     | Reached skill level 15 in Armour
 18765 | D:15     | Entered Level 15 of the Dungeon
 18905 | D:15     | Found a staircase to the Depths.
 19092 | D:15     | Received a gift from Trog
 19255 | D:15     | Identified the +0 pair of boots of the Illusory Leylines
                  | {rPois rF+ Str-3 Int+2}
 19923 | Orc:1    | Entered Level 1 of the Orcish Mines
 20070 | Orc:2    | Entered Level 2 of the Orcish Mines
 20084 | Orc:2    | Found Tienly's Jewellery Shop.
 20131 | Orc:2    | Found Rolube's Antique Armour Shoppe.
 20153 | Orc:2    | Bought a pair of polished boots for 323 gold pieces
 20153 | Orc:2    | Identified the +1 pair of boots "Yfroen" {Fly rC+} (You
                  | bought it in a shop on level 2 of the Orcish Mines)
 20191 | Orc:2    | Reached XP level 16. HP: 150/154 MP: 15/15
 20231 | Orc:2    | Found Ressoa's General Store.
 20274 | Orc:2    | Bought a scroll of acquirement for 728 gold pieces
 20274 | Orc:2    | Bought a phantom mirror for 560 gold pieces
 20274 | Orc:2    | Bought a wand of light (4) for 235 gold pieces
 20274 | Orc:2    | Bought a potion of mutation for 112 gold pieces
 20313 | Orc:2    | Found a staircase to the Elven Halls.
 20314 | Orc:2    | Acquired the +0 pair of gloves of the Little Devil {rElec
                  | Str+2 Dex-3}
 20364 | Orc:2    | Noticed Urug
 20373 | Orc:2    | Killed Urug
 20519 | Orc:2    | Found a runed translucent gate.
 20519 | Orc:2    | Found a runed translucent gate.
 20519 | Orc:2    | Found a runed translucent gate.
 20519 | Orc:2    | Noticed SuperJoe's ghost (journeyman DEGl)
 20519 | Orc:2    | Noticed Drazool's ghost (journeyman KoEE)
 20685 | Orc:2    | Found Tez Kech's Antique Weapon Emporium.
 20879 | Orc:2    | Killed Drazool's ghost
 20879 | Orc:2    | Received a gift from Trog
 20883 | Orc:2    | Killed SuperJoe's ghost
 20893 | Orc:2    | Identified the +2 hat of Untold Secrets {rElec rF+ rC-
                  | Will+}
 20941 | Orc:1    | Found Veveb's General Store.
 21013 | Orc:1    | Bought a scroll of immolation for 52 gold pieces
 21013 | Orc:1    | Bought a scroll of teleportation for 39 gold pieces
 21013 | Orc:1    | Bought a scroll of identify for 26 gold pieces
 21129 | Orc:1    | Found a runed translucent door.
 21722 | Swamp:1  | Entered Level 1 of the Swamp
 21991 | Swamp:1  | Found an ornate altar of the Wu Jian Council.
 22661 | Swamp:2  | Paralysed by a fenstrider witch for 2 turns
 23164 | Swamp:3  | Received a gift from Trog
 23667 | Swamp:4  | Entered Level 4 of the Swamp
 24196 | Swamp:4  | Reached XP level 17. HP: 152/163 MP: 16/16
 24413 | Swamp:4  | Found a basalt altar of Yredelemnul.
 24419 | Swamp:4  | Received a gift from Trog
 24480 | Swamp:4  | Got a decaying rune of Zot
 24502 | Swamp:4  | Found a blossoming altar of Fedhas.
 25081 | Spider:1 | Entered Level 1 of the Spider Nest
 26002 | Spider:2 | Identified the +7 scimitar of Imbalance {chaos, ^Drain
                  | Int+2 Stlth+}
 26023 | Spider:2 | Received a gift from Trog
 27288 | Spider:3 | Received a gift from Trog
 27419 | Spider:4 | Entered Level 4 of the Spider Nest
 27895 | Spider:4 | Reached XP level 18. HP: 165/174 MP: 17/17
 28012 | Spider:4 | Paralysed by a jorogumo for 1 turns
 28836 | Spider:4 | Got a gossamer rune of Zot
 28842 | Spider:4 | Noticed Arachne
 28854 | Spider:4 | HP: 3/176 [wolf spider (8)]
 28854 | Spider:4 | Demolished by an emperor scorpion

Illustrated notes

Levels and vault maps discovered:
D:1:      dpeg_arrival_prison, layout_loops_corners,
          chequers_ecumenical_altar_simple_redux
D:2:      layout_basic
D:3:      layout_rooms, gammafunk_ghost_abyssal_escape, minivault_23
D:4:      nicolae_cairo_tiling, layout_cave_pools,
          gammafunk_temple_overflow_claw, portal_sewer_entry_b,
          gammafunk_ghost_cemetery, st_stairs_1
D:5:      layout_basic, serial_shops, nicolae_shop_bloodbath_and_beyond,
          hangedman_decor_points
D:6:      layout_loops_corners, mainiacjoe_overflow_concentric_impassable,
          nicolae_qazlal_eye_of_the_storm, minmay_temple_entry_purple_smoke
D:7:      layout_loops_corners, gammafunk_temple_overflow_arena,
          kennysheep_little_box, evilmike_ruin_ashenzari,
          hellmonk_ghost_happy_afterlife, serial_shops, shop_fountains
D:8:      layout_cave_pods, mainiacjoe_overflow_brackets, uniq_maggie
D:9:      layout_gridville, mainiacjoe_overflow_boulevard, lair_entry_dummy,
          kennysheep_orc_monster_closet_entryway, nicolae_diode_basic,
          uniq_jeremiah
D:10:     gammafunk_boulding_lane, layout_loops_cross, lemuel_tele_altar,
          enter_bailey_3, enter_trove_5
D:11:     due_chaos_kobolds, layout_basic, uniq_amaemon, uniq_josephine
D:12:     layout_basic, gauntlet_entry_generic, minmay_statues_item,
          uniq_maurice
D:13:     layout_loops_ring, hangedman_vaults_entry_quadrant_bands
D:14:     cheibrodos_lost_city_excavation, layout_rooms,
          nicolae_concentric_dashed_squares_wild, nrook_guardian_serpent_double
D:15:     grunt_enter_depths_hoard, layout_loops_ring
Lair:1:   layout_layer_cave, pdpol_lair_cavern_descent
Lair:2:   layout_roguey [special_room_bee],
          nicolae_spider_entry_lesser_pyramids, serial_bayou,
          serial_bayou_lake_a, serial_bayou_shore_b, serial_bayou_shore_a,
          serial_bayou_ford_a
Lair:3:   layout_hall_layers, swamp_mist_pool
Lair:4:   layout_gridlike, bh_autumn_forest_stairs, minmay_lair_oklob_bushes,
          chequers_serial_rivers_room_a, serial_bayou_shore_b, lemuel_fruit_tree
Lair:5:   hangedman_lair_caniforms_friends, layout_gridlike,
          hangedman_lair_tendril_chambers, minmay_slime_entry_oklob_open,
          kennysheep_abandoned_house, uniq_sonja
Swamp:1:  layout_falls_marsh, lemuel_altar_in_water, swamp_pool_4,
          grunt_hermit_hut, infiniplex_staircase_pool_2,
          nicolae_swamp_tree_isthmus
Swamp:2:  layout_basic_swamp, evilmike_swamp_ruin_house_6
Swamp:3:  layout_basic_swamp, nicolae_swamp_tree_designs
Swamp:4:  byrel_swamp_growth_death_and_undeath, layout_basic_swamp,
          swamp_pool_1_2, hangedman_swamp_cone, nicolae_swamp_alligator_family,
          infiniplex_staircase_pool
Spider:1: layout_spider_delve, nicolae_spider_nooks_and_crannies
Spider:2: layout_spider_delve, special_room
Spider:3: layout_spider_delve, nicolae_spider_checkerboard
Spider:4: johnstein_spider_rune_arachne_lair
Orc:1:    dreamdust_dug_too_deep, layout_diamond_mine, serial_shops, shop,
          mines2_lemuel
Orc:2:    grunt_orc_gardens, layout_caves, grunt_orc_garden, grunt_orc_garden,
          grunt_orc_garden, grunt_orc_garden, gammafunk_ghost_cemetery,
          uniq_urug

Skill      XL: |  1  2  3  4  5  6  7  8  9 10 11 12 13 14 15 16 17 18 |
---------------+-------------------------------------------------------+-----
Fighting       | 4 5 6 8 9 10 11 12 13 14 15 16 17 18 19 | 19.0
Axes           | 4 5 6 8 9 10 11 12 13 14 15 16 17 18 19 | 19.0
Armour         | 3 4 5 6 7 9 10 12 13 14 15 16 17 18 | 18.1
Evocations     | 2 4 5 7 8 9 10 11 12 13 | 13.7
Dodging        | 3 5 7 8 11 13 15 16 17 18 | 18.4

Action                     |  1- 3 |  4- 6 |  7- 9 | 10-12 | 13-15 | 16-18 || total
---------------------------+-------+-------+-------+-------+-------+-------++-------
  Melee: Hand axe          |    81 |   194 |   183 |       |       |       ||   458
         Headbutt          |    18 |    22 |    50 |    94 |   246 |   155 ||   585
         Punch             |     1 |     3 |       |     5 |    16 |       ||    25
         War axe           |       |       |    41 |    25 |       |       ||    66
         Broad axe         |       |       |       |   399 |   980 |       ||  1379
         Executioner's axe |       |       |       |       |    49 |   786 ||   835
 Invoke: Berserk           |     2 |     3 |     4 |     4 |     2 |     5 ||    20
         Trog's Hand       |       |     1 |     1 |     2 |     1 |    11 ||    16
  Evoke: Lightning rod     |       |       |       |     1 |       |       ||     1
         Wand              |       |       |       |     6 |     2 |     8 ||    16
         Tin of tremorston |       |       |       |       |       |     2 ||     2
         Phantom mirror    |       |       |       |       |       |     1 ||     1
    Use: Scroll            |       |     7 |     4 |    15 |     7 |     4 ||    37
   Stab: Distracted        |       |       |       |       |       |     4 ||     4
 Armour: Animal skin       |    18 |       |       |       |       |       ||    18
         Leather armour    |    33 |     3 |       |       |       |       ||    36
         Ring mail         |       |   115 |    20 |       |       |       ||   135
         Chain mail        |       |       |   133 |   292 |   599 |   761 ||  1785
  Dodge: Dodged            |    60 |   121 |   125 |   288 |  1018 |  1230 ||  2842
